 Dungeon Crawl Stone Soup version 0.26-a0-58-g79b31b8662 (webtiles) character file.

Game seed: 5110679037968468653

4329 Harbin the Fighter (level 10, 0/114 HPs)
             Began as an Ogre Hunter on June 8, 2020.
             Was an Elder of Cheibriados.
             Succumbed to a killer bee's poison
             ... on level 8 of the Dungeon.
             The game lasted 00:47:45 (10239 turns).

Harbin the Fighter (Ogre Hunter)                   Turns: 10239, Time: 00:47:46

Health: 0/114      AC: 11    Str: 30    XL:     10   Next: 33%
Magic:  12/12      EV: 13    Int: 25    God:    Cheibriados [****..]
Gold:   191        SH:  0    Dex: 18    Spells: 9/9 levels left

rFire    . . .     SeeInvis +   B - +2 flail (protect)
rCold    + . .     Gourm    .   (no shield)
rNeg     + . .     Faith    .   J - +1 robe of Plog {rC+ rN+ Int+4 SInv} (curse)
rPois    +         Spirit   .   (helmet restricted)
rElec    +         Reflect  .   v - +2 cloak
rCorr    .         Harm     .   (gloves unavailable)
MR       +....     Clarity  +   (boots unavailable)
Stlth    ++........             C - amulet of magic regeneration
HPRegen  0.29/turn              t - ring of poison resistance
MPRegen  0.38/turn              D - +4 ring of protection

@: mighty, brilliant, lethally poisoned (0 -> -13), stab, very slow
A: large, unfitting armour, clarity, electricity resistance, tough skin 1, wild
magic 1
a: Bend Time, Temporal Distortion, Slouch, Renounce Religion


You were on level 8 of the Dungeon.
You worshipped Cheibriados.
Cheibriados was greatly pleased with you.
You were not hungry.

You visited 2 branches of the dungeon, and saw 10 of its levels.

You collected 461 gold pieces.
You spent 270 gold pieces at shops.

Inventory:

Hand Weapons
 a - a +1 giant club
 n - a +1 mace
 B - a +2 flail of protection (weapon)
Missiles
 c - 5 large rocks (quivered)
 d - 5 throwing nets
 o - 44 poisoned darts
Armour
 b - a +0 robe
 p - a +0 robe
 q - a +2 robe of magic resistance
 s - a scarf of harm
 v - a +2 cloak (worn)
 J - the cursed +1 robe of Plog (worn) {rC+ rN+ Int+4 SInv}
   (You found it on level 9 of the Dungeon)

   It affects your intelligence (+4).
   It protects you from cold.
   It protects you from negative energy.
   It lets you see invisible.
   It has a curse placed upon it.
Jewellery
 l - an uncursed ring of flight
 t - a ring of poison resistance (left hand)
 C - an amulet of magic regeneration (around neck)
 D - a +4 ring of protection (right hand)
Wands
 e - a wand of clouds (3)
 x - a wand of polymorph (10)
 y - a wand of paralysis (8)
 F - a wand of flame (48)
Scrolls
 j - 2 scrolls of remove curse
 z - a scroll of amnesia
 A - 2 scrolls of fog
 E - a scroll of enchant armour
 G - a scroll of brand weapon {unknown}
 I - a scroll of identify
Potions
 g - 2 potions of resistance
 i - a potion of magic {unknown}
 k - a potion of stabbing
 m - 2 potions of brilliance
 r - 2 potions of flight
 u - a potion of might
 w - a potion of invisibility {unknown}
Comestibles
 f - 24 rations
 H - 4 chunks of flesh


   Skills:
 + Level 11.3 Fighting
 + Level 7.7 Maces & Flails
 - Level 6.0 Throwing
 + Level 2.0 Armour
 + Level 5.6 Dodging
 - Level 0.6 Stealth
 + Level 2.8 Invocations


You had 9 spell levels left.
You didn't know any spells.
Your spell library was empty.

Dungeon Overview and Level Annotations

Branches:
Dungeon (9/15)             Temple (1/1) D:5            Lair (0/6) D:8
    Orc: D:9-12

Altars:
Ashenzari
Cheibriados
Dithmenos
Elyvilon
Fedhas
Gozag
Hepliaklqana
Kikubaaqudgha
Makhleb
Nemelex Xobeh
Okawaru
Qazlal
Ru
Sif Muna
Trog
Uskayaw
Vehumet
Wu Jian
Xom
Yredelemnul
Zin
The Shining One

Shops:
D:4 (   D:6 *%?[%


Innate Abilities, Weirdness & Mutations

You are too large for most types of armour.
You have tough skin. (AC +1)
You possess an exceptional clarity of mind.
You are resistant to electric shocks. (rElec)
Your spells are a little harder to cast, but a little more powerful.


Message History

The killer bee stings you but does no damage.
The killer bee stings you!
* * * LOW HITPOINT WARNING * * *
You are more poisoned.
The killer bee poisons you!
It was a potion of brilliance.
You feel clever all of a sudden.
* * * LOW HITPOINT WARNING * * *
You feel sick. The killer bee barely misses you. x3
The killer bee stings you but does no damage.
It was a potion of stabbing.
You feel ready to backstab.
* * * LOW HITPOINT WARNING * * *
You feel sick.
The killer bee stings you but does no damage.
The killer bee closely misses you. The killer bee barely misses you.
The killer bee closely misses you.
It was a potion of might.
You feel very mighty all of a sudden.
You die...

...##.# #.# #........# #.# #..#.#
...##.###.###........###.###..#.#
#...............♣♣...............
#..##.###.###.....♣..###.###..#.#
#..##)# #.# #..♣..♣.............#
...)).###.###....♣...###.###..#.#
............[....................
........)......y.y...............
#..######)####..@##..........##.#
#..# #.).# ##.##...........##.#
#..# #.....##...............##.#
.... #.......#.).............####
.....#.......#...............####
...##.............#..........##..
...............#.###########.○
.#.....>......###.# #..
##.........#.# #.# ###


You could see 2 killer bees.

Vanquished Creatures
  Harold (D:9)
  A hippogriff (D:9)
  2 wargs (D:8)
  An orc warrior (D:8)
  2 ice beasts
  A black bear (D:9)
  A phantom (D:6)
  A necrophage (D:7)
  3 ogres
  3 centaurs
  2 bullfrogs
  A wyvern zombie (D:6)
  3 scorpions
  14 killer bees (D:9)
  A howler monkey (D:5)
  2 crimson imps
  A jelly (D:7)
  A quasit (D:6)
  A bullfrog zombie (D:7)
  A bullfrog skeleton (D:7)
  A centaur zombie (D:5)
  8 orc priests
  4 hounds
  An iguana (D:9)
  3 orc wizards
  10 worker ants
  A hound zombie (D:6)
  2 human simulacra (D:9)
  6 adders
  4 shadow imps
  An ooze (D:2)
  An adder skeleton (D:5)
  2 worms
  4 dart slugs
  3 leopard geckos
  20 orcs
  7 giant cockroaches
  3 goblins
  8 hobgoblins
  8 jackals
  3 quokkas
  4 ball pythons
  6 bats
  6 frilled lizards
  A jackal zombie (D:8)
  8 kobolds
  A quokka skeleton (D:7)
  4 rats
173 creatures vanquished.

Notes
Turn   | Place    | Note
-------+----------+-------------------------------------------
     0 | D:1      | Harbin the Ogre Hunter began the quest for the Orb.
     0 | D:1      | Reached XP level 1. HP: 22/22 MP: 1/1
   164 | D:1      | Reached skill level 3 in Fighting
   207 | D:1      | Reached XP level 2. HP: 29/31 MP: 2/2
   836 | D:1      | Reached skill level 1 in Maces & Flails
   857 | D:1      | Reached XP level 3. HP: 37/37 MP: 3/3
  1626 | D:2      | Found a faded altar of an unknown god.
  2047 | D:3      | Reached XP level 4. HP: 48/48 MP: 4/4
  2162 | D:3      | Reached skill level 4 in Fighting
  3428 | D:3      | Reached XP level 5. HP: 49/55 MP: 5/5
  3624 | D:4      | Found Tiurchoeme's Antique Weapon Boutique.
  3714 | D:4      | Reached skill level 5 in Throwing
  4650 | D:5      | Entered Level 5 of the Dungeon
  4918 | D:5      | Noticed an ogre
  4943 | D:5      | Reached skill level 5 in Fighting
  4988 | D:5      | Found a staircase to the Ecumenical Temple.
  4995 | Temple   | Entered the Ecumenical Temple
  5141 | Temple   | Became a worshipper of Cheibriados the Contemplative
  5193 | D:5      | Noticed a centaur
  5206 | D:5      | Killed a centaur
  5206 | D:5      | Reached XP level 6. HP: 39/66 MP: 6/6
  5750 | D:5      | Reached XP level 7. HP: 69/74 MP: 7/7
  5764 | D:5      | Reached skill level 6 in Fighting
  5797 | D:5      | You fall into a shaft and drop 3 floors!
  5801 | D:8      | Noticed a warg
  6219 | D:8      | Noticed a warg
  6226 | D:8      | Found a shimmering blue altar of Sif Muna.
  6266 | D:6      | Found Zosugh's Food Shoppe.
  6292 | D:6      | Reached * piety under Cheibriados
  6306 | D:6      | Reached skill level 7 in Fighting
  6306 | D:6      | Reached XP level 8. HP: 13/87 MP: 8/8
  7270 | D:6      | Found Gipaur's Assorted Antiques.
  7273 | D:6      | Bought a scroll labeled BAIV MAEMIUDATH for 28 gold pieces
  7273 | D:6      | Bought a knobbly granite ring for 140 gold pieces
  7273 | D:6      | Bought a scroll labeled NYPPUGGERPHI for 28 gold pieces
  7278 | D:6      | Gained mutation: You are dopey. (Int -2) [potion of
                  | mutation]
  7278 | D:6      | Gained mutation: You are somewhat resistant to further
                  | mutation. [potion of mutation]
  7279 | D:6      | Lost mutation: You are somewhat resistant to further
                  | mutation. [potion of mutation]
  7279 | D:6      | Lost mutation: You are dopey. (Int -2) [potion of mutation]
  7279 | D:6      | Gained mutation: You possess an exceptional clarity of
                  | mind. [potion of mutation]
  7279 | D:6      | Gained mutation: You are resistant to electric shocks.
                  | (rElec) [potion of mutation]
  7279 | D:6      | Gained mutation: Your spells are a little harder to cast,
                  | but a little more powerful. [potion of mutation]
  7282 | D:6      | Found Nonenn's Antique Armour Emporium.
  7293 | D:6      | Bought an embroidered robe for 74 gold pieces
  7308 | D:6      | Found Echitug's Magic Scroll Emporium.
  7611 | D:6      | Reached skill level 8 in Fighting
  7637 | D:6      | Reached skill level 5 in Maces & Flails
  7638 | D:6      | Found Zyumpocu's Food Emporium.
  8263 | D:7      | Reached XP level 9. HP: 97/97 MP: 9/9
  8264 | D:7      | Reached ** piety under Cheibriados
  8572 | D:8      | Reached skill level 9 in Fighting
  8572 | D:8      | Reached skill level 5 in Dodging
  8872 | D:8      | Reached *** piety under Cheibriados
  8872 | D:8      | Reached skill level 10 in Fighting
  9054 | D:8      | Found a staircase to the Lair.
  9502 | D:8      | You fall into a shaft and drop 1 floor!
  9787 | D:9      | Got an opalescent robe
  9797 | D:9      | Identified the cursed +1 robe of Plog {rC+ rN+ Int+4 SInv}
                  | (You found it on level 9 of the Dungeon)
  9950 | D:9      | Noticed Harold
  9968 | D:9      | Killed Harold
  9968 | D:9      | Reached skill level 11 in Fighting
  9968 | D:9      | Reached skill level 1 in Armour
  9968 | D:9      | Reached XP level 10. HP: 85/113 MP: 9/11
 10116 | D:9      | Reached **** piety under Cheibriados
 10236 | D:8      | HP: 3/114 [killer bee (7)]
 10238 | D:8      | HP: 1/114 [poisoned by a killer bee]
 10239 | D:8      | Succumbed to a killer bee's poison

Illustrated notes

Levels and vault maps discovered:
D:1:      dpeg_arrival_central, layout_basic
D:2:      layout_basic, chequers_ecumenical_altar_twisty
D:3:      layout_loops_cross, minmay_misc_feat_room, nrook_loot_triangle,
          kennysheep_generic_room_15
D:4:      layout_gridville, serial_shops, nicolae_shop_crystal, first_ration
D:5:      layout_loops_ring, temple_green
D:6:      layout_loops_cross, serial_shops, shop, shop, shop,
          nicolae_shop_behind_doors, nicolae_shop_overgrown_old_shop
D:7:      layout_rooms
D:8:      layout_basic, lemuel_round_altar, erik_lair_orcish_takeover,
          grunt_ogre_cave, chequers_garden
D:9:      layout_loops_corners, special_room [special_room_bee],
          bh_circular_ruins, uniq_harold
Temple:   minmay_crystal_snake_temple

Skill      XL: |  1  2  3  4  5  6  7  8  9 10 |
---------------+-------------------------------+-----
Fighting       | 3 4 5 7 8 11 | 11.3
Maces & Flails | 1 2 3 4 5 7 |  7.7
Throwing       | 5 6 |  6.0
Dodging        | 3 4 5 |  5.6
Armour         | 1 2 |  2.0
Invocations    | 2 |  2.8
Stealth        | |  0.6

Action                   |  1- 3 |  4- 6 |  7- 9 | 10-12 || total
-------------------------+-------+-------+-------+-------++-------
Melee: Short sword       |    19 |       |       |       ||    19
       Whip              |    49 |       |       |       ||    49
       Mace              |    51 |   187 |    15 |       ||   253
       Giant club        |       |       |    34 |       ||    34
       Flail             |       |       |   347 |    57 ||   404
Throw: Stone             |    61 |    39 |     1 |       ||   101
       Dart              |       |       |     3 |       ||     3
Evoke: Wand              |       |       |     1 |       ||     1
  Use: Scroll            |       |    12 |     3 |       ||    15
       Potion            |       |     4 |     3 |     4 ||    11
 Stab: Sleeping          |     1 |       |       |     1 ||     2
  Eat: Chunk             |     4 |    10 |     9 |     1 ||    24
Armor: Robe              |    39 |    91 |   214 |    60 ||   404
       Skin              |       |    11 |       |       ||    11
Dodge: Dodged            |    75 |   104 |   279 |    98 ||   556

Table legend:
 A = Non-vault XP
 B = Vault XP
 C = Vault XP percentage of total XP
 D = Non-vault monster count
 E = Vault monster count
 F = Vault count percentage of total count
                 A         B        C        D         E       F
            +---------+---------+-------+---------+---------+-------
      Total |    3696 |    2489 |  40.2 |     150 |      23 |  13.3
            +---------+---------+-------+---------+---------+-------
        D:1 |      35 |       0 |   0.0 |      18 |       0 |   0.0
        D:2 |      42 |       0 |   0.0 |      21 |       0 |   0.0
        D:3 |     114 |       0 |   0.0 |      19 |       0 |   0.0
        D:4 |      73 |       0 |   0.0 |       9 |       0 |   0.0
        D:5 |     607 |       0 |   0.0 |      18 |       0 |   0.0
        D:6 |     890 |       0 |   0.0 |      18 |       0 |   0.0
        D:7 |     478 |       0 |   0.0 |      13 |       0 |   0.0
        D:8 |     753 |     733 |  49.3 |      21 |       9 |  30.0
        D:9 |     704 |    1756 |  71.4 |      13 |      14 |  51.9
            +---------+---------+-------+---------+---------+-------
